 Dungeon Crawl Stone Soup version 0.23.2-33-g5129a83184 (webtiles) character file.

Game seed: 15845365592881541313

165 FishyPogo the Caller (level 5, 0/28 HPs)
             Began as a Deep Elf Summoner on Aug 7, 2019.
             Slain by an orc wizard
             ... wielding a +0 dagger
              (2 damage)
             ... on level 4 of the Dungeon.
             The game lasted 00:20:38 (2675 turns).

FishyPogo the Caller (Deep Elf Summoner)            Turns: 2675, Time: 00:20:38

Health: 0/28       AC:  3    Str:  5    XL:     5   Next: 21%
Magic:  0/13       EV: 14    Int: 20    God:
Gold:   208        SH:  0    Dex: 16    Spells: 2/12 levels left

rFire    . . .     SeeInvis .   a - +2 dagger (elec)
rCold    . . .     Gourm    .   (no shield)
rNeg     . . .     Faith    .   e - +0 robe
rPois    .         Spirit   .   (no helmet)
rElec    .         Reflect  .   (no cloak)
rCorr    .         Harm     .   (no gloves)
MR       .....                  p - +0 pair of boots
Stlth    ++........             (no amulet)
HPRegen  0.09/turn              (no ring)
MPRegen  0.13/turn              (no ring)

@: flying, very slightly contaminated
A: no striking features
a: no special abilities


You were on level 4 of the Dungeon.
You were not hungry.

You visited 1 branch of the dungeon, and saw 4 of its levels.

You collected 208 gold pieces.

Inventory:

Hand Weapons
 a - a +2 dagger of electrocution (weapon)
Missiles
 s - 30 arrows
Armour
 e - a +0 robe (worn)
 p - a +0 pair of boots (worn)
Scrolls
 b - a scroll of blinking {unknown}
 d - a scroll of amnesia {unknown}
 f - a scroll of enchant armour {unknown}
 i - a scroll of enchant weapon {unknown}
 j - 6 scrolls of identify
 q - a scroll of random uselessness {unknown}
 r - a scroll of fear {unknown}
 v - a scroll of remove curse {unknown}
Potions
 g - a potion of magic {unknown}
 h - a potion of might {unknown}
 k - a potion of invisibility {unknown}
 l - a potion of agility {unknown}
 m - a potion of curing {unknown}
 o - a potion of berserk rage {unknown}
 t - a potion of flight
 u - a potion of haste
 w - a potion of ambrosia {unknown}
 x - a potion of degeneration {unknown}
Comestibles
 c - 5 rations
 n - 7 chunks of flesh


   Skills:
 * Level 4.2 Dodging
 + Level 3.3 Stealth
 + Level 4.3 Spellcasting
 * Level 5.1 Summonings
 * Level 1.2 Air Magic


You had 2 spell levels left.
You knew the following spells:

 Your Spells              Type           Power        Failure   Level  Hunger
a - Summon Small Mammal   Summ           ####         1%          1    None
b - Call Imp              Summ           ####....     2%          2    #......
c - Call Canine Familiar  Summ           ####....     4%          3    ###....
d - Summon Lightning Spi  Summ/Air       ###.....     32%         4    ####...

Your spell library contained the following spells:

 Spells                   Type           Power        Failure   Level  Hunger
 Summon Guardian Golem    Hex/Summ       ##......     13%         3    ###....
 Summon Ice Beast         Ice/Summ       ##......     38%         4    ####...


Dungeon Overview and Level Annotations

Branches:
Dungeon (4/15)
 Temple: D:4-7

Altars:
Elyvilon
Makhleb
Wu Jian
The Shining One


Message History

Casting: Summon Small Mammal (safe; 1% risk of failure)
Confirm with . or Enter, or press ? or * to list all spells.
Your hound completely misses something.
Your quokka barely misses the orc.
Something hits you.
Your hound bites something but does no damage.
Your quokka bites the orc but does no damage.
The orc misses your hound.
You hear some strange, mumbled words.
A puff of frost appears from out of thin air!
The puff of frost hits you!
* * * LOW HITPOINT WARNING * * *
Your quokka bites the orc.
Okay, then.
Okay, then.
It was a potion of flight.
You feel very buoyant.
You fly up into the air.
Your hound bites something but does no damage.
Something hits you.
You die...

#....### #......# #..._..# ####
#######...8..## #...#
.....##..._...# #...###
..####........# ###.....#
..#.......###.# #.......######
..#.......###.####.5.....#.....
................@'hror......>..
#..)......########.............
#.........# #...5.........
###.#.##### ###........[..
..#.#.## ##.....).... ..#....#
##......... ..+....# #####.#...
..#....# # ..#....#


You could see an orc, a friendly hound, 2 friendly crimson imps, a friendly
quokka and a friendly rat.

Vanquished Creatures
  An adder (D:3)
  An ooze (D:1)
  An adder skeleton (D:4)
  2 orcs
  A giant cockroach (D:2)
  A goblin (D:1)
  3 hobgoblins
  3 bats
  A frilled lizard (D:1)
  2 kobolds (D:1)
  4 rats
20 creatures vanquished.

Vanquished Creatures (collateral kills)
  Terence (D:3)
  Natasha (thrice) (D:2)
  A worker ant (D:4)
  4 gnolls (D:2)
  2 adders (D:2)
  An ooze (D:1)
  A worm (D:2)
  3 leopard geckos
  2 orcs (D:4)
  A giant cockroach (D:2)
  5 goblins
  6 hobgoblins (D:1)
  2 jackals (D:3)
  7 bats
  2 frilled lizards
  9 kobolds
  3 rats (D:2)
53 creatures vanquished.

Grand Total: 73 creatures vanquished

Notes
Turn   | Place    | Note
-------+----------+-------------------------------------------
     0 | D:1      | FishyPogo the Deep Elf Summoner began the quest for the
                  | Orb.
     0 | D:1      | Reached XP level 1. HP: 10/10 MP: 6/6
   155 | D:1      | Reached XP level 2. HP: 14/15 MP: 0/8
   159 | D:1      | Learned a level 2 spell: Call Imp
   558 | D:2      | Reached XP level 3. HP: 14/19 MP: 5/10
   878 | D:2      | Learned a level 3 spell: Call Canine Familiar
   935 | D:2      | Found a glowing golden altar of the Shining One.
  1019 | D:2      | Found a faded altar of an unknown god.
  1221 | D:2      | Found a burning altar of Makhleb.
  1316 | D:2      | Reached XP level 4. HP: 24/24 MP: 7/12
  1328 | D:2      | Learned a level 4 spell: Summon Lightning Spire
  1334 | D:2      | Noticed Natasha
  1355 | D:2      | Killed Natasha
  1365 | D:2      | Noticed Natasha
  1395 | D:2      | Killed Natasha
  1738 | D:2      | Noticed Natasha
  1745 | D:2      | Killed Natasha
  2034 | D:3      | Noticed Terence
  2040 | D:3      | Reached skill level 5 in Summonings
  2051 | D:3      | Killed Terence
  2141 | D:3      | Reached skill level 1 in Air Magic
  2379 | D:3      | Reached XP level 5. HP: 28/28 MP: 13/13
  2562 | D:4      | Found a white marble altar of Elyvilon.
  2566 | D:4      | Found an ornate altar of the Wu Jian Council.
  2674 | D:4      | HP: 1/28 [something/puff of frost (9)]
  2675 | D:4      | Slain by an orc wizard

Skill      XL: |  1  2  3  4 |
---------------+-------------+-----
Dodging        | 3 4 |  4.2
Spellcasting   | 4 |  4.3
Stealth        | 3 |  3.3
Summonings     | 5 |  5.1
Air Magic      | 1 |  1.2

Action                   |  1- 3 |  4- 6 || total
-------------------------+-------+-------++-------
Melee: Unarmed           |     3 |       ||     3
       Dagger            |    49 |    16 ||    65
 Cast: Summon Small Mamm |    41 |    19 ||    60
       Call Imp          |    18 |    18 ||    36
       Call Canine Famil |     3 |    12 ||    15
  Use: Scroll            |       |     1 ||     1
       Potion            |       |     1 ||     1
 Stab: Sleeping          |     7 |     4 ||    11
  Eat: Chunk             |     2 |     5 ||     7
Armor: Robe              |    14 |     2 ||    16
Dodge: Dodged            |    39 |    11 ||    50
